 Dungeon Crawl Stone Soup version 0.28-a0-397-g1a7b1a870f (webtiles) character file.

Game seed: 13255141358450761072

580 Decipherer the Poker (level 7, -6/90 HPs)
             Began as a Gnoll Berserker on Sept 4, 2021.
             Was a Priest of Trog.
             Mangled by a black bear (10 damage)
             ... on level 4 of the Dungeon.
             The game lasted 00:04:37 (4726 turns).

Decipherer the Poker (Gnoll Berserker)              Turns: 4726, Time: 00:04:37

Health: -6/90      AC:  9    Str: 17    XL:     7   Next: 36%
Magic:  10/10      EV:  8    Int:  7    God:    Trog [***...]
Gold:   65         SH:  0    Dex: 12    Spells: 10/10 levels left

rFire   + . .      SeeInvis .   w - +0 quarterstaff (vorpal)
rCold   . . .      Faith    .   (shield currently unavailable)
rNeg    . . .      Spirit   .   g - +0 chain mail
rPois   .          Reflect  .   (no helmet)
rElec   .          Harm     .   (no cloak)
rCorr   .          Rampage  .   (no gloves)
Will    .....                   (no boots)
Stlth   ..........              (no amulet)
HPRegen 0.25/turn               q - ring of protection from fire
MPRegen 0.12/turn               (no ring)

@: berserking, very quick
A: fangs 1, strong nose, distributed training
a: Renounce Religion, Berserk, Trog's Hand


You were on level 4 of the Dungeon.
You worshipped Trog.
Trog was most pleased with you.
You visited 1 branch of the dungeon, and saw 4 of its levels.

You collected 153 gold pieces.
You spent 88 gold pieces at shops.

Inventory:

Hand Weapons
 a - a +0 spear
 w - a +0 vorpal quarterstaff (weapon)
Missiles
 u - 15 poisoned darts
 v - 8 boomerangs
Armour
 b - a +0 animal skin
 g - a +0 chain mail (worn)
 i - a +0 ring mail
 x - a +0 plate armour
 z - a +0 chain mail
 E - a +0 chain mail
 F - a +0 pair of boots
Jewellery
 q - a ring of protection from fire (left hand)
 y - a ring of poison resistance
 A - an amulet of guardian spirit
 B - a +4 ring of protection
Scrolls
 c - a scroll of fog {unknown}
 d - 2 scrolls of teleportation {unknown}
 e - a scroll of brand weapon {unknown}
 f - a scroll of amnesia {unknown}
 h - a scroll of noise {unknown}
 j - 3 scrolls of identify {unknown}
 n - a scroll of blinking {unknown}
 o - a scroll of immolation {unknown}
 p - 2 scrolls of vulnerability {unknown}
 t - a scroll of enchant weapon {unknown}
Potions
 k - a potion of attraction {unknown}
 l - a potion of brilliance {unknown}
 m - a potion of might {unknown}
 r - a potion of degeneration {unknown}
 s - 2 potions of resistance {unknown}
 C - a potion of haste
 D - a potion of lignification {unknown}


   Skills:
 + Level 7.0 Fighting
 + Level 2.4 Short Blades
 + Level 2.4 Long Blades
 + Level 2.4 Axes
 + Level 2.4 Maces & Flails
 + Level 7.0 Polearms
 + Level 2.4 Staves
 + Level 2.4 Slings
 + Level 2.4 Bows
 + Level 2.4 Crossbows
 + Level 2.4 Throwing
 + Level 5.2 Armour
 + Level 5.2 Dodging
 + Level 2.4 Stealth
 + Level 2.4 Shields
 + Level 2.4 Unarmed Combat
 + Level 2.4 Spellcasting
 + Level 2.0 Conjurations
 + Level 2.0 Hexes
 + Level 2.0 Summonings
 + Level 2.0 Necromancy
 + Level 2.0 Translocations
 + Level 2.0 Transmutations
 + Level 2.0 Fire Magic
 + Level 2.0 Ice Magic
 + Level 2.0 Air Magic
 + Level 2.0 Earth Magic
 + Level 2.0 Poison Magic
 + Level 2.7 Invocations
 + Level 2.4 Evocations


You had 10 spell levels left.
You didn't know any spells.
Your spell library contained the following spells:

 Spells                   Type           Power      Damage    Failure   Level
 Sandblast                Erth           6%         2d5       91%         1
 Slow                     Hex            3%         N/A       97%         2
 Confusing Touch          Hex            3%         N/A       99%         3
 Vampiric Draining        Necr           1%         2d6       99%         3
 Hailstorm                Conj/Ice       3%         3d3       100%        4
 Ice Form                 Ice/Tmut       3%         N/A       100%        4
 Simulacrum               Ice/Necr       1%         N/A       100%        6


Dungeon Overview and Level Annotations

Branches:
Dungeon (4/15)
 Temple: D:4-7

Altars:
Uskayaw

Shops:
D:4 (


Innate Abilities, Weirdness & Mutations

You have very sharp teeth.
Your uncanny sense of smell can sniff out nearby items.
Your experience applies equally to all skills.


Message History

You hit the black bear but do no damage.
The black bear is severely wounded.
The black bear bites you! The black bear barely misses you.
The black bear claws you. The black bear bites you.
The black bear claws you but does no damage.
The black bear claws you.
Unknown command.
A black bear is nearby!
You barely miss the black bear.
The black bear is severely wounded.
The black bear bites you! The black bear claws you. x2
The black bear bites you!
* * * LOW HITPOINT WARNING * * *
The black bear claws you but does no damage.
The black bear closely misses you.
Unknown command.
A black bear is nearby!
You are too injured to fight recklessly!
Unknown command.
A black bear is nearby!
You are too injured to fight recklessly!
Unknown command.
A black bear is nearby!
You are too injured to fight recklessly!
Unknown command.
You are too injured to fight recklessly!
A red film seems to cover your vision as you go berserk!
You feel yourself moving faster!
You feel mighty! The black bear bites you!
* * * LOW HITPOINT WARNING * * *
The black bear barely misses you. The black bear claws you.
* * * LOW HITPOINT WARNING * * *
You barely miss the black bear.
The black bear is severely wounded.
The black bear bites you but does no damage.
The black bear claws you.
* * * LOW HITPOINT WARNING * * *
The black bear claws you.
* * * LOW HITPOINT WARNING * * *
The black bear bites you!
You die...

...#.............................
................[......#.........
.................................
..........#......................
.##......##......######........).
..'.......+....................#.
.##...... #......######........#.
.# ...... #......'......>...#####
.# ... #.)...@############
#.....h# #......# ####.### #. #.
#


You could see a black bear (berserk).

Vanquished Creatures
  An orc warrior (D:4)
  An ogre (D:3)
  A scorpion (D:3)
  A jelly (D:4)
  A hound (D:4)
  2 orc wizards
  Natasha (thrice) (D:3)
  A hound zombie (D:4)
  3 adders
  An adder skeleton (D:4)
  3 worms
  2 dart slugs
  14 orcs
  9 bats
  9 endoplasms
  4 giant cockroaches
  5 goblins
  6 hobgoblins
  3 quokkas
  9 ball pythons
  4 frilled lizards
  6 kobolds
  4 rats
93 creatures vanquished.

Vanquished Creatures (others)
  A fungus (D:1)
1 creature vanquished.

Grand Total: 94 creatures vanquished

Notes
Turn   | Place    | Note
-------+----------+-------------------------------------------
     0 | D:1      | Decipherer the Gnoll Berserker began the quest for the Orb.
     0 | D:1      | Reached XP level 1. HP: 23/23 MP: 1/1
   198 | D:1      | Reached XP level 2. HP: 29/29 MP: 2/2
   534 | D:1      | Found a faded altar of an unknown god.
   582 | D:1      | Reached ** piety under Trog
   591 | D:1      | Reached XP level 3. HP: 4/35 MP: 3/3
   861 | D:1      | Got Plato's Collected Works on Earth
  1396 | D:2      | Reached skill level 1 in Invocations
  1644 | D:2      | Reached skill level 1 in Short Blades
  1644 | D:2      | Reached skill level 1 in Long Blades
  1644 | D:2      | Reached skill level 1 in Axes
  1644 | D:2      | Reached skill level 1 in Maces & Flails
  1644 | D:2      | Reached skill level 1 in Staves
  1644 | D:2      | Reached skill level 1 in Slings
  1644 | D:2      | Reached skill level 1 in Bows
  1644 | D:2      | Reached skill level 1 in Crossbows
  1644 | D:2      | Reached skill level 1 in Throwing
  1644 | D:2      | Reached skill level 1 in Stealth
  1644 | D:2      | Reached skill level 1 in Shields
  1644 | D:2      | Reached skill level 1 in Unarmed Combat
  1644 | D:2      | Reached skill level 1 in Spellcasting
  1644 | D:2      | Reached skill level 1 in Evocations
  1672 | D:2      | Reached XP level 4. HP: 41/41 MP: 5/5
  2599 | D:3      | Reached skill level 1 in Conjurations
  2599 | D:3      | Reached skill level 1 in Hexes
  2599 | D:3      | Reached skill level 1 in Summonings
  2599 | D:3      | Reached skill level 1 in Necromancy
  2599 | D:3      | Reached skill level 1 in Translocations
  2599 | D:3      | Reached skill level 1 in Transmutations
  2599 | D:3      | Reached skill level 1 in Fire Magic
  2599 | D:3      | Reached skill level 1 in Ice Magic
  2599 | D:3      | Reached skill level 1 in Air Magic
  2599 | D:3      | Reached skill level 1 in Earth Magic
  2599 | D:3      | Reached skill level 1 in Poison Magic
  2621 | D:3      | Noticed a scorpion
  2630 | D:3      | Killed a scorpion
  2631 | D:3      | Reached XP level 5. HP: 29/47 MP: 5/7
  2882 | D:3      | Reached *** piety under Trog
  3332 | D:3      | Noticed Natasha
  3344 | D:3      | Killed Natasha
  3345 | D:3      | Reached XP level 6. HP: 52/53 MP: 8/8
  3451 | D:3      | Reached skill level 5 in Armour
  3451 | D:3      | Reached skill level 5 in Dodging
  3708 | D:3      | Noticed Natasha
  3719 | D:3      | Killed Natasha
  3786 | D:3      | Noticed Natasha
  3792 | D:3      | Killed Natasha
  3901 | D:4      | Found Hanwumewk's Weapon Shop.
  4085 | D:4      | Bought a +0 vorpal quarterstaff for 88 gold pieces
  4103 | D:4      | Noticed an orc warrior
  4118 | D:4      | Killed an orc warrior
  4119 | D:4      | Reached XP level 7. HP: 26/60 MP: 10/10
  4358 | D:4      | Found a hide-covered altar of Uskayaw.
  4726 | D:4      | HP: 4/90 [black bear (3)]
  4726 | D:4      | Mangled by a black bear

Illustrated notes

Levels and vault maps discovered:
D:1:      minmay_arrival_shoal_huts, layout_loops_ring,
          shapermc_ecumenical_altar_rom_forum, chequers_hall_statues_y,
          st_stairs_8
D:2:      layout_basic, kennysheep_another_room
D:3:      layout_loops_cross, uniq_natasha
D:4:      layout_basic, mainiacjoe_overflow_catwalk, serial_shops, shop

Skill      XL: |  1  2  3  4  5  6  7 |
---------------+----------------------+-----
Invocations    | 1 2 |  2.7
Short Blades   | 1 2 |  2.4
Long Blades    | 1 2 |  2.4
Axes           | 1 2 |  2.4
Maces & Flails | 1 2 |  2.4
Staves         | 1 2 |  2.4
Slings         | 1 2 |  2.4
Bows           | 1 2 |  2.4
Crossbows      | 1 2 |  2.4
Throwing       | 1 2 |  2.4
Stealth        | 1 2 |  2.4
Shields        | 1 2 |  2.4
Unarmed Combat | 1 2 |  2.4
Spellcasting   | 1 2 |  2.4
Evocations     | 1 2 |  2.4
Conjurations   | 1 2 |  2.0
Hexes          | 1 2 |  2.0
Summonings     | 1 2 |  2.0
Necromancy     | 1 2 |  2.0
Translocations | 1 2 |  2.0
Transmutations | 1 2 |  2.0
Fire Magic     | 1 2 |  2.0
Ice Magic      | 1 2 |  2.0
Air Magic      | 1 2 |  2.0
Earth Magic    | 1 2 |  2.0
Poison Magic   | 1 2 |  2.0
Armour         | 5 |  5.2
Dodging        | 5 |  5.2
Fighting       | 7 |  7.0
Polearms       | 7 |  7.0

Action                   |  1- 3 |  4- 6 |  7- 9 || total
-------------------------+-------+-------+-------++-------
Melee: Spear             |   174 |   214 |       ||   388
       Bite              |    12 |    21 |     1 ||    34
       Punch             |       |     3 |       ||     3
       Quarterstaff      |       |    11 |    35 ||    46
Invok: Berserk           |     2 |     3 |     1 ||     6
 Stab: Sleeping          |     1 |     1 |       ||     2
Armor: Animal skin       |    14 |       |       ||    14
       Ring mail         |     5 |    33 |       ||    38
       Chain mail        |       |    24 |    24 ||    48
Dodge: Dodged            |    79 |    83 |    20 ||   182

Table legend: (Time is in decaauts)
 A = Elapsed time spent in this place.
 B = Non-inter-level travel time spent in this place.
 C = Inter-level travel time spent in this place.
 D = Time resting spent in this place.
 E = Time spent auto-exploring this place.
 F = Levels seen in this place.
 G = Mean time per level.
                   A        B        C        D        E       F      G
               +--------+--------+--------+--------+--------+-----+--------+
         Total |   4696 |   4636 |     60 |      0 |   3899 |   4 | 1174.0 |
       Dungeon |   4696 |   4636 |     60 |      0 |   3899 |   4 | 1174.0 |
               +--------+--------+--------+--------+--------+-----+--------+

Top non-repeatable levels by time:
     D:3: 1421 daAuts
     D:1: 1239 daAuts
     D:2: 1201 daAuts
     D:4: 833 daAuts
